 Dungeon Sprint DCSS version 0.19.1-1-g22dce08 (webtiles) character file.

57 dvd the Cudgeler (level 3, -2/58 HPs)
             Began as a Troll Berserker on Jan 3, 2017.
             Was a Believer of Trog.
             Drowned by a water elemental (5 damage)
             ... in the Dungeon (Sprint III: "The Ten Rune Challenge").
             The game lasted 00:00:56 (156 turns).

dvd the Cudgeler (Troll Berserker)                   Turns: 156, Time: 00:00:56

Health: -2/58      AC:  7    Str: 28    XL:     3   Next: 73%
Magic:  1/1        EV: 11    Int:  3    God:    Trog [**....]
Gold:   11         SH:  0    Dex: 10    Spells: 0 memorised, 2 levels left

rFire  . . .     SeeInvis .     a - +0 mace
rCold  . . .     Gourm    +     b - +0 animal skin
rNeg   . . .     Faith    .     (no shield)
rPois  .         Spirit   .     (helmet restricted)
rElec  .         Reflect  .     (no cloak)
rCorr  .         Harm     .     (gloves unavailable)
MR     .....     NoTele   +     (boots unavailable)
Stlth  ..........               (no amulet)
                                (no ring)
                                (no ring)

@: berserking, engulfed (cannot breathe), very quick
A: unfitting armour, claws 3, yellow scales 1, fast metabolism 3, gourmand, low
mp 1, regeneration 1, screaming 1, shaggy fur 1, tough skin 2, weak 1
a: Berserk, Trog's Hand, Burn Spellbooks, Renounce Religion


You were in the Dungeon.
You worshipped Trog.
Trog was pleased with you.
You were not hungry.

You visited 1 branch You collected 11 gold pieces.

Inventory:

Hand Weapons
 a - a +0 mace (weapon)
Armour
 b - a +0 animal skin (worn)
Scrolls
 i - a scroll of blinking
 k - 2 scrolls of holy word {unknown}
 l - 4 scrolls of identify
 p - a scroll of remove curse {unknown}
Potions
 d - 2 potions of curing
 e - a potion of heal wounds
 f - a potion of haste
 g - 2 potions of magic
 n - 4 potions of cure mutation
 o - 4 potions of flight
Comestibles
 c - 4 bread rations
 m - a royal jelly


   Skills:
 + Level 4.1 Fighting
 + Level 4.7 Maces & Flails
 + Level 4.2 Dodging
 + Level 0.4 Stealth


You had 2 spell levels left.
You didn't know any spells.

Dungeon Overview and Level Annotations

Branches:
Dungeon (1/1)

Altars:


Innate Abilities, Weirdness & Mutations

You are too large for most types of armour.
You have claws for hands.
Your metabolism is lightning-fast.
You like to eat raw meat.
Your natural rate of healing is unusually fast.
You are covered in fur. (AC +1)
You have very tough skin. (AC +2)
You are partially covered in yellow scales. (AC +2)
Your magical capacity is low. (-10% MP)
You occasionally shout uncontrollably at your foes.
You are weak. (Str -2)


Message History

You open the door.
A water elemental comes into view.
The water elemental barely misses you.
There is an open door to the Ecumenical Temple here.
A red film seems to cover your vision as you go berserk!
You feel yourself moving faster!
You feel mighty! The water elemental hits you!
You barely miss the water elemental. The water elemental hits you!!
The water elemental engulfs you in water!
You closely miss the water elemental.
Your lungs strain for air!
The water elemental closely misses you.
You barely miss the water elemental.
Your lungs strain for air!
The water elemental hits you!
* * * LOW HITPOINT WARNING * * *
You barely miss the water elemental.
* * * LOW HITPOINT WARNING * * *
Your lungs strain for air!
You closely miss the water elemental.
You die...

▓▓▓▓▓▓▓ ▓▓▓ ..#...####
##.# ..#..)...#####..#
.##.......#..#..#
#.##.##...#..#..###+#+##
#.##.###..##'#..#.......
.####.##..###...@.⌠.....
###..##..####...#E..####
.....##..###....#.⌠.#
##..##...##.....#...#
#..##....#......#+###
..###..##.#.....# ..#
#..#####....# ▓▓▓ ▓▓▓▓
▓▓▓▓▓▓


You could see a water elemental.

Vanquished Creatures
  Jessica (D)
  A human (D)
  2 oozes (D)
  A phantom (D)
5 creatures vanquished.

Vanquished Creatures (others)
  A draconian scorcher (D)
  3 hellions (D)
  A yaktaur (D)
  4 plants (D)
9 creatures vanquished.

Grand Total: 14 creatures vanquished

Notes
Turn   | Place    | Note
-------+----------+-------------------------------------------
     0 | D        | dvd the Troll Berserker began the quest for the Orb.
     0 | D        | Reached XP level 1. HP: 22/22 MP: 0/0
    15 | D        | Reached XP level 2. HP: 29/31 MP: 1/1
    55 | D        | Killed a yaktaur
    62 | D        | Noticed Jessica
    70 | D        | Killed Jessica
    70 | D        | Reached ** piety under Trog
    70 | D        | Reached XP level 3. HP: 32/39 MP: 2/2
   102 | D        | Killed a hellion
   111 | D        | Killed a hellion
   112 | D        | Killed a hellion
   135 | D        | Killed a white draconian scorcher
   140 | D        | Gained mutation: You are frail. (-10% HP) [potion of mutation]
   140 | D        | Lost mutation: You are frail. (-10% HP) [potion of mutation]
   140 | D        | Gained mutation: Your magical capacity is low. (-10% MP) [potion of mutation]
   141 | D        | Gained mutation: You are partially covered in yellow scales. (AC +2) [potion of mutation]
   141 | D        | Gained mutation: You occasionally shout uncontrollably at your foes. [potion of mutation]
   141 | D        | Gained mutation: You are weak. (Str -2) [potion of mutation]
   149 | D        | Noticed a water elemental
   155 | D        | HP: 2/58 [drowned by a water elemental (5)]
   156 | D        | Drowned by a water elemental

Skill      XL: |  1  2  3 |
---------------+----------+-----
Maces & Flails | 3 4 |  4.7
Fighting       | 3 4 |  4.1
Dodging        | 3 4 |  4.2
Stealth        | |  0.4

Action                   || total
-------------------------++-------
Melee: Mace              ||    33
  Use: Potion            ||     3
 Stab: Sleeping          ||     1
  Eat: Chunk             ||     2
Armor: Animal skin       ||     8
Dodge: Dodged            ||    11
